 Dungeon Crawl Stone Soup version 0.31.0-11-ge490571c62 (webtiles) character file.

Game seed: 8833674714646214012

408 qw the Skirmisher (level 6, -2/35 HPs)
             Began as a Deep Elf Hunter on Feb 3, 2024.
             Killed from afar by an orc wizard (7 damage)
             ... with a magic dart
             ... on level 4 of the Dungeon.
             The game lasted 00:00:13 (2431 turns).

qw the Skirmisher (Deep Elf Hunter)                 Turns: 2431, Time: 00:00:14

Health: -2/35      AC:  5    Str: 10    XL:     6   Next: 57%
Magic:  8/8        EV: 11    Int: 14    God:
Gold:   208        SH:  0    Dex: 18    Spells: 5/5 levels left

rFire   . . .        a - +2 shortbow
rCold   . . .        (shield currently unavailable)
rNeg    . . .        e - +0 ring mail
rPois   .            (no helmet)
rElec   .            j - scarf {repulsion}
rCorr   .            (no gloves)
SInv    .            (no boots)
Will    .....        f - amulet of faith Stlth
                     (no ring)
HPRegen 0.25/turn    (no ring)
MPRegen 0.11/turn

%: repel missiles, faith
@: confused, lethally poisoned (-2 -> -4)
A: no striking features
a: no special abilities


You were on level 4 of the Dungeon.
You visited 1 branch of the dungeon, and saw 4 of its levels.

You collected 208 gold pieces.


   Skills:
 - Level 2.0 Fighting
 - Level 10.2 Ranged Weapons
 + Level 2.4 Dodging
 - Level 1.2 Stealth


You had 5 spell levels left.
You didn't know any spells.
Your spell library was empty.

Inventory:

Hand Weapons
 a - a +2 shortbow (weapon)
Armour
 e - a +0 ring mail (worn)
 j - a scarf of repulsion (worn)
Jewellery
 b - a ring of fire
 f - an amulet of faith (around neck)
Wands
 g - a wand of roots (8)
Scrolls
 d - 2 scrolls of teleportation

Dungeon Overview and Level Annotations

Branches:
Dungeon (4/15)
 Temple: D:4-7

Altars:
Cheibriados
Nemelex Xobeh
Qazlal
Yredelemnul
The Shining One


Message History

You hear some strange, mumbled words.
A puff of flame appears from out of thin air!
The puff of flame hits you!
You hear some strange, mumbled words.
You are more confused.
Something hits you but does no damage. The orc hits you with a +0 mace.
The orc barely misses you.
You hear some strange, mumbled words.
A puff of flame appears from out of thin air!
The puff of flame hits you. Something hits you.
The orc hits you with a +0 mace.
2425 ||| DRINKING potion of heal wounds.
You feel much better. Something hits you. The orc closely misses you.
Something hits you but does no damage. The adder bites you. Something hits you.
You hear some strange, mumbled words.
A magic dart appears from out of thin air!
The magic dart hits you. The orc hits you but does no damage.
The adder barely misses you.
You hear some strange, mumbled words.
A magic dart appears from out of thin air!
The magic dart hits you. The adder misses you.
The adder bites you but does no damage. Something hits you but does no damage.
The orc barely misses you. The adder bites you.
You are poisoned.
The adder poisons you!
You hear some strange, mumbled words.
A puff of flame appears from out of thin air!
The puff of flame misses you. Something hits you.
The orc hits you but does no damage.
You feel sick. The adder bites you but does no damage. Something hits you.
The orc closely misses you. Something hits you.
The adder bites you but does no damage.
You feel sick. The adder bites you but does no damage.
Something hits you but does no damage.
You hear some strange, mumbled words.
A magic dart appears from out of thin air!
The magic dart hits you!
You die...

##...######...#...
##....### #...##...
#.......#..........
#....(.....#.#..#..
##......#..##.##.#..
##..........#.. ....
#.)......##.... ..##
#.#...{S.###.....
#.....@oo.....##..
#.......#{..##.. ..
........##..#
.........#..#
......... ...#
.##...#.. .....
#..#.#... ....
...#... ..!.


You could see an adder and 2 orcs.

Vanquished Creatures
  Grinder (D:3)
  A black bear (D:4)
  6 adders
  2 dart slugs
  A ribbon worm (D:2)
  An orc (D:3)
  4 ball pythons
  6 endoplasms
  2 giant cockroaches (D:2)
  6 hobgoblins
  3 quokkas
  8 bats
  A frilled lizard (D:2)
  5 goblins
  14 kobolds
  5 rats
66 creatures vanquished.

Notes
Turn   | Place    | Note
-------+----------+-------------------------------------------
     0 | D:1      | qw the Deep Elf Hunter began the quest for the Orb.
     0 | D:1      | Reached XP level 1. HP: 12/12 MP: 3/3
     0 | D:1      | 0 ||| qw: Version: 0.3-a-155-g5e7d8dd
     0 | D:1      | 0 ||| qw: Game counter: 3321
     0 | D:1      | 0 ||| qw: Melee chars always use a shield: true
     0 | D:1      | 0 ||| qw: God list: Okawaru
     0 | D:1      | 0 ||| qw: Allow faded altars: false
     0 | D:1      | 0 ||| qw: Do Orc after clearing Dungeon:15 true
     0 | D:1      | 0 ||| qw: Do second Lair branch before Depths: true
     0 | D:1      | 0 ||| qw: Lair rune preference: random
     0 | D:1      | 0 ||| qw: Goals: Normal
     0 | D:1      | 0 ||| PLANNING D:1-11
   151 | D:1      | HP: 3/12 [quokka (3)]
   368 | D:1      | Reached skill level 6 in Ranged Weapons
   368 | D:1      | Reached XP level 2. HP: 16/16 MP: 4/4
   955 | D:1      | 955 ||| UPGRADING to +0 ring mail.
   965 | D:1      | 965 ||| DROPPING +0 leather armour.
   966 | D:1      | 966 ||| UPGRADING to scarf of repulsion.
   971 | D:1      | 971 ||| UPGRADING to amulet of faith.
   976 | D:1      | 976 ||| READING scroll labelled GITO COKIFF.
   977 | D:1      | 977 ||| READING 3 scrolls labelled YFUARHORUCE.
   977 | D:1      | 977 ||| IDENTIFYING sapphire potion
   978 | D:1      | 978 ||| READING 2 scrolls of identify.
   978 | D:1      | 978 ||| IDENTIFYING scroll labelled BIUSOU LIUJ
   979 | D:1      | 979 ||| READING scroll of enchant weapon.
   979 | D:1      | 979 ||| ENCHANTING +0 shortbow.
   980 | D:1      | 980 ||| DROPPING scroll of butterflies.
   981 | D:1      | 981 ||| DROPPING potion of magic.
  1190 | D:2      | Reached XP level 3. HP: 20/20 MP: 5/5
  1321 | D:2      | 1321 ||| FLEEEEING.
  1322 | D:2      | 1322 ||| FLEEEEING.
  1323 | D:2      | 1323 ||| FLEEEEING.
  1324 | D:2      | 1324 ||| FLEEEEING.
  1326 | D:2      | 1326 ||| FLEEEEING.
  1331 | D:2      | Reached skill level 7 in Ranged Weapons
  1459 | D:2      | Reached XP level 4. HP: 12/25 MP: 6/6
  1464 | D:2      | HP: 6/25 [poisoned by an adder]
  1702 | D:2      | 1702 ||| READING scroll of identify.
  1702 | D:2      | 1702 ||| IDENTIFYING red potion
  1703 | D:2      | 1703 ||| READING scroll labelled LIQAIPL NOEHYD.
  1707 | D:2      | 1707 ||| READING scroll labelled ESTUULEINWEPN.
  1708 | D:2      | 1708 ||| READING scroll labelled AXTAVO QIJIGE.
  1752 | D:2      | 1752 ||| DROPPING potion of attraction.
  1793 | D:3      | Noticed Grinder
  1797 | D:3      | 1797 ||| READING scroll of enchant weapon.
  1797 | D:3      | 1797 ||| ENCHANTING +1 shortbow.
  1804 | D:3      | Paralysed by Grinder for 2 turns
  1817 | D:3      | 1817 ||| FLEEEEING.
  1818 | D:3      | 1818 ||| FLEEEEING.
  1820 | D:3      | 1820 ||| FLEEEEING.
  1822 | D:3      | 1822 ||| FLEEEEING.
  1823 | D:3      | 1823 ||| FLEEEEING.
  1824 | D:3      | 1824 ||| FLEEEEING.
  1825 | D:3      | 1825 ||| FLEEEEING.
  1826 | D:3      | 1826 ||| FLEEEEING.
  1830 | D:3      | Killed Grinder
  1831 | D:3      | Reached skill level 9 in Ranged Weapons
  1831 | D:3      | Reached XP level 5. HP: 25/29 MP: 7/7
  1831 | D:3      | Reached XP level 6. HP: 29/34 MP: 8/8
  1940 | D:3      | Found a basalt altar of Yredelemnul.
  1941 | D:3      | Found a stormy altar of Qazlal.
  1959 | D:3      | Found a sparkling altar of Nemelex Xobeh.
  2012 | D:3      | Found a snail-covered altar of Cheibriados.
  2101 | D:3      | Found a glowing golden altar of the Shining One.
  2261 | D:3      | 2261 ||| READING scroll of identify.
  2261 | D:3      | 2261 ||| IDENTIFYING metallic white potion
  2262 | D:3      | 2262 ||| READING scroll labelled DINYAH QEJI.
  2263 | D:3      | 2263 ||| DRINKING 2 fizzy ruby potions.
  2264 | D:3      | 2264 ||| DROPPING potion of brilliance.
  2341 | D:4      | Reached skill level 10 in Ranged Weapons
  2417 | D:4      | 2417 ||| DRINKING smoky black potion.
  2424 | D:4      | HP: 6/35 [orc/+0 mace (5)]
  2425 | D:4      | 2425 ||| DRINKING potion of heal wounds.
  2430 | D:4      | HP: 7/35 [something (4)]
  2431 | D:4      | Killed from afar by an orc wizard

Levels and vault maps discovered:
D:1:      lightli_arrival_statue_moat, layout_basic
D:2:      layout_basic
D:3:      layout_rooms, tso_altar, gammafunk_temple_overflow_forgotten,
          lemuel_tele_altar, uniq_grinder
D:4:      minmay_polygon_palace, layout_cave_pools, uniq_eustachio

Skill      XL: |  1  2  3  4  5  6 |
---------------+-------------------+-----
Ranged Weapons | 6 7 9 10 | 10.2
Fighting       | 2 |  2.0
Dodging        | |  2.4
Stealth        | |  1.2

Action                     |  1- 3 |  4- 6 || total
---------------------------+-------+-------++-------
   Fire: Shortbow          |   114 |    66 ||   180
    Use: Scroll            |     4 |     7 ||    11
         Potion            |       |     3 ||     3
 Armour: Leather armour    |     7 |       ||     7
         Ring mail         |    24 |    36 ||    60
  Dodge: Dodged            |    23 |    12 ||    35
         Repelled          |       |     1 ||     1

Table legend:
 A = Non-vault XP
 B = Vault XP
 C = Vault XP percentage of total XP
 D = Non-vault monster count
 E = Vault monster count
 F = Vault count percentage of total count
                 A         B        C        D         E       F
            +---------+---------+-------+---------+---------+-------
      Total |     306 |     277 |  47.5 |      65 |       1 |   1.5
            +---------+---------+-------+---------+---------+-------
        D:1 |      29 |       0 |   0.0 |      19 |       0 |   0.0
        D:2 |      85 |       0 |   0.0 |      27 |       0 |   0.0
        D:3 |      63 |     277 |  81.5 |      15 |       1 |   6.2
        D:4 |     129 |       0 |   0.0 |       4 |       0 |   0.0
            +---------+---------+-------+---------+---------+-------
